 Dungeon Crawl Stone Soup version 0.31.0-11-ge490571c62 (webtiles) character file.

Game seed: 1188648715161809982

370 hikkokomori the Magician (level 6, 0/36 HPs)
             Began as a Deep Elf Hedge Wizard on Feb 3, 2024.
             Killed by nerve-wracking pain
             ... invoked by an orc priest
              (11 damage)
             ... on level 5 of the Dungeon.
             The game lasted 00:12:03 (4949 turns).

hikkokomori the Magician (Deep Elf Hedge Wizard)    Turns: 4949, Time: 00:12:04

Health: 0/36       AC:  6    Str:  7    XL:     6   Next: 42%
Magic:  16/16      EV: 12    Int: 21    God:
Gold:   222        SH:  0    Dex: 14    Spells: 7/15 levels left

rFire   . . .        s - +6 dagger (elec)
rCold   . . .        (no shield)
rNeg    . . .        b - +0 robe
rPois   .            c - +0 hat
rElec   .            (no cloak)
rCorr   .            (no gloves)
SInv    .            (no boots)
Will    +....        r - amulet of the acrobat
Stlth   ++           A - ring of willpower
HPRegen 0.26/turn    t - +4 ring of protection
MPRegen 0.15/turn

%: acrobat
@: no status effects
A: no striking features
a: no special abilities


You were on level 5 of the Dungeon.
You visited 1 branch of the dungeon, and saw 5 of its levels.

You collected 222 gold pieces.

Inventory:

Hand Weapons
 a - a +0 dagger
 s - a +6 dagger of electrocution (weapon)
Missiles
 q - 29 stones
Armour
 b - a +0 robe (worn)
 c - a +0 hat (worn)
 h - a +2 buckler
 m - +0 ice dragon scales
 n - a +1 ring mail of fire resistance
Jewellery
 k - a ring of protection from fire
 o - a ring of resist corrosion
 r - an amulet of the acrobat (around neck)
 t - a +4 ring of protection (right hand)
 A - a ring of willpower (left hand)
Scrolls
 g - a scroll of fear {unknown}
 i - a scroll of summoning {unknown}
 j - 2 scrolls of silence
 u - a scroll of enchant armour {unknown}
 v - a scroll of noise {unknown}
 y - a scroll of enchant weapon {unknown}
Potions
 d - a potion of magic
 e - a potion of berserk rage
 f - 2 potions of curing
 l - a potion of might
 p - a potion of heal wounds
 w - a potion of lignification
 x - a potion of haste
 z - 2 potions of mutation


   Skills:
 - Level 2.3 Fighting
 + Level 1.0 Armour
 - Level 2.4 Dodging
 - Level 2.9 Stealth
 - Level 1.2 Shields
 - Level 5.4 Spellcasting
 - Level 2.5 Conjurations
 - Level 1.1 Summonings
 - Level 1.1 Translocations
 + Level 2.4 Air Magic
 + Level 2.6 Alchemy


You had 7 spell levels left.
You knew the following spells:

 Your Spells              Type           Power      Damage    Failure   Level
a - Magic Dart            Conj           64%        1d6       3%          1
b - Call Imp              Summ           20%        N/A       10%         2
c - Blink                 Tloc           20%        N/A       10%         2
d - Mephitic Cloud        Conj/Alch/Air  16%        N/A       11%         3

Your spell library contained the following spells:

 Spells                   Type           Power      Damage    Failure   Level
 Cigotuvi's Dreadful Rot  Necr/Alch/Air  24%        N/A       8%          2
 Slow                     Hex            20%        N/A       11%         1


Dungeon Overview and Level Annotations

Branches:
Dungeon (5/15)
 Temple: D:4-7

Altars:
Ru
Wu Jian
Xom
Yredelemnul

Annotations:
D:5 exclusion: scorpion


Message History

You hit the orc priest.
The orc priest is heavily wounded.
The orc wizard hits you but does no damage.
The orc priest hits you but does no damage.
Unknown command.
You barely miss the orc priest.
The orc priest is heavily wounded.
The orc wizard hits you but does no damage.
The orc priest calls down the wrath of Beogh upon you.
Beogh smites you!
Unknown command.
You hit the orc priest.
The orc priest is severely wounded.
The orc wizard hits you with a +0 dagger.
The orc priest invokes the aid of Beogh against you.
Beogh smites you!
Unknown command.
You hit the orc priest.
The orc priest is severely wounded.
The orc wizard hits you but does no damage.
The orc priest hits you with a +0 club.
* * * LOW HITPOINT WARNING * * *
Unknown command.
You closely miss the orc priest.
The orc priest is severely wounded.
The orc wizard hits you but does no damage.
The orc priest closely misses you.
Unknown command.
You closely miss the orc priest.
You punch the orc priest, but do no damage.
The orc priest is severely wounded.
The orc wizard barely misses you.
The orc priest hits you but does no damage.
Unknown command.
You hit the orc priest.
The orc priest is severely wounded.
The orc wizard hits you but does no damage.
The orc priest invokes the aid of Beogh against you.
Pain shoots through your body!
You die...

#.# #......... #.#
#......... #.#
#......... ###.#
##.####### ##...##
#.# ##.....###.#
#.......##.#
#.......##.#
#.....o@##.#
##....o###.#
#.......##.####
#...........o.#
#.......##.##o#
##.....###.##.....ooo
##...## #.####.###.o
##### #.# .# #.# #


You could see an orc priest and an orc wizard.

Vanquished Creatures
  An ogre (D:5)
  A jelly (D:5)
  A hound (D:5)
  An iguana (D:5)
  4 adders
  A shadow imp (D:5)
  2 dart slugs (D:1)
  6 orcs
  5 ball pythons
  3 bats
  5 endoplasms
  A giant cockroach (D:2)
  10 hobgoblins
  2 quokkas
  4 frilled lizards
  5 goblins
  8 kobolds
  2 rats (D:1)
62 creatures vanquished.

Vanquished Creatures (collateral kills)
  A scorpion (D:5)
  Jessica (D:3)
  A ribbon worm (D:3)
3 creatures vanquished.

Grand Total: 65 creatures vanquished

Notes
Turn   | Place    | Note
-------+----------+-------------------------------------------
     0 | D:1      | hikkokomori the Deep Elf Hedge Wizard began the quest for
                  | the Orb.
     0 | D:1      | Reached XP level 1. HP: 10/10 MP: 7/7
   349 | D:1      | Reached XP level 2. HP: 16/16 MP: 4/9
   795 | D:1      | Learned a level 2 spell: Call Imp
   798 | D:1      | Learned a level 2 spell: Blink
  1143 | D:2      | Reached XP level 3. HP: 20/20 MP: 7/11
  1147 | D:2      | Learned a level 3 spell: Mephitic Cloud
  1410 | D:2      | Reached skill level 1 in Fighting
  2003 | D:2      | Reached skill level 5 in Spellcasting
  2412 | D:3      | Found a sacrificial altar of Ru.
  2746 | D:3      | Found a shimmering altar of Xom.
  2769 | D:3      | Reached XP level 4. HP: 21/25 MP: 5/13
  2900 | D:3      | Noticed Jessica
  2912 | D:3      | Killed Jessica
  2913 | D:3      | Reached skill level 1 in Shields
  3052 | D:3      | Found a basalt altar of Yredelemnul.
  4540 | D:5      | Entered Level 5 of the Dungeon
  4542 | D:5      | Noticed an ice beast
  4608 | D:5      | Found an ornate altar of the Wu Jian Council.
  4631 | D:5      | Noticed a scorpion
  4642 | D:5      | Reached XP level 5. HP: 11/30 MP: 9/14
  4643 | D:5      | Reached skill level 1 in Air Magic
  4643 | D:5      | Reached skill level 1 in Alchemy
  4659 | D:5      | Reached XP level 6. HP: 14/36 MP: 6/16
  4934 | D:5      | Reached skill level 1 in Armour
  4949 | D:5      | Killed from afar by an orc priest

Illustrated notes

Levels and vault maps discovered:
D:1:      roadster_arrival_rocket_small, layout_loops_cross,
          nicolae_kite_square_tiling_tiny, grunt_decor_cap, minmay_misc_feat_x
D:2:      layout_loops_ring
D:3:      layout_basic, mainiacjoe_overflow_catwalk_spiral,
          mainiacjoe_overflow_alcove_4, st_stairs_7, uniq_jessica
D:4:      layout_layer_cave
D:5:      layout_rooms, nzn_wu_jian_contemplation

Skill      XL: |  1  2  3  4  5  6 |
---------------+-------------------+-----
Fighting       | 1 2 |  2.3
Conjurations   | 2 |  2.5
Spellcasting   | 5 |  5.4
Shields        | 1 |  1.2
Air Magic      | 1 2 |  2.4
Alchemy        | 2 |  2.6
Armour         | 1 |  1.0
Dodging        | |  2.4
Stealth        | |  2.9
Summonings     | |  1.1
Translocations | |  1.1

Action                     |  1- 3 |  4- 6 || total
---------------------------+-------+-------++-------
  Melee: Dagger            |    11 |    46 ||    57
         Punch             |       |     1 ||     1
  Throw: Stone             |     3 |       ||     3
   Cast: Magic Dart        |   106 |    30 ||   136
         Call Imp          |     2 |     3 ||     5
         Mephitic Cloud    |       |     4 ||     4
         Blink             |       |     1 ||     1
    Use: Scroll            |       |     8 ||     8
         Potion            |       |     1 ||     1
   Stab: Sleeping          |       |     1 ||     1
         Confused          |       |     1 ||     1
 Armour: Robe              |    10 |    23 ||    33
  Dodge: Dodged            |    11 |    16 ||    27
  Block: Buckler           |     9 |     1 ||    10
